 Dungeon Crawl Stone Soup version 0.24.0-123-gd5b16e6ec5 (webtiles) character file.

Game seed: 593434124058005043, levelgen mode: deterministic

932 FishyPogo the Grasshopper (level 8, -9/63 HPs)
             Began as a Gnoll Warper on Jan 2, 2020.
             Was a Follower of Okawaru.
             Mangled by an unseen horror (11 damage)
             ... on level 7 of the Dungeon.
             The game lasted 00:14:43 (5892 turns).

FishyPogo the Grasshopper (Gnoll Warper)            Turns: 5892, Time: 00:14:43

Health: -9/63      AC:  4    Str: 15    XL:     8   Next: 11%
Magic:  12/16      EV: 15    Int: 19    God:    Okawaru [*.....]
Gold:   361        SH:  0    Dex: 15    Spells: 8/18 levels left

rFire    . . .     SeeInvis .   A - -2 mace (curse)
rCold    . . .     Gourm    +   (no shield)
rNeg     + . .     Faith    .   N - +0 robe of Anarchy {rN+} (curse)
rPois    .         Spirit   .   (no helmet)
rElec    .         Reflect  .   r - +0 cloak
rCorr    .         Harm     .   (no gloves)
MR       .....                  n - +0 pair of boots
Stlth    ++........             l - amulet of the gourmand
HPRegen  0.20/turn              E - +3 ring of intelligence
MPRegen  0.15/turn              (no ring)

@: no status effects
A: distributed training, fangs 1, strong nose
a: Heroism, Renounce Religion


You were on level 7 of the Dungeon.
You worshipped Okawaru.
Okawaru was aware of your devotion.
You were very full.

You visited 1 branch of the dungeon, and saw 7 of its levels.

You collected 361 gold pieces.

Inventory:

Hand Weapons
 a - a +1 short sword
 z - a +1 mace of holy wrath
 A - a cursed -2 mace (weapon)
Missiles
 e - 5 boomerangs of dispersal
 i - 335 stones
 k - 2 datura-tipped darts
 p - 13 poisoned darts (quivered)
 B - 4 boomerangs
Armour
 b - a +0 leather armour
 n - a +0 pair of boots (worn)
 r - a +0 cloak (worn)
 s - a +0 ring mail
 G - a +1 troll leather armour {Purgy}
 N - the cursed +0 robe of Anarchy (worn) {rN+}
   (You found it on level 6 of the Dungeon)

   It protects you from negative energy.
   It has a curse placed upon it.
Magical Staves
 K - an uncursed staff of power {unknown}
Jewellery
 l - an amulet of the gourmand (around neck)
 o - a +2 amulet of reflection
 E - a +3 ring of intelligence (left hand)
Wands
 c - a wand of iceblast (10)
 C - a wand of flame (17)
 H - a wand of polymorph (10)
Scrolls
 d - 2 scrolls of blinking
 q - 3 scrolls of enchant weapon
 w - 2 scrolls of random uselessness
 y - 6 scrolls of identify
 D - 2 scrolls of fear
 I - 3 scrolls of teleportation
 L - a scroll of amnesia
Potions
 g - 3 potions of haste
 h - a potion of berserk rage {unknown}
 j - 3 potions of might {unknown}
 m - a potion of agility {unknown}
 t - 5 potions of brilliance {unknown}
 u - 3 potions of lignification
 v - a potion of mutation {unknown}
 x - 2 potions of curing {unknown}
 F - a potion of invisibility {unknown}
 J - 3 potions of heal wounds {unknown}
Comestibles
 f - 9 rations


   Skills:
 + Level 5.4 Fighting
 + Level 5.4 Short Blades
 + Level 2.9 Long Blades
 + Level 2.9 Axes
 + Level 2.9 Maces & Flails
 + Level 2.9 Polearms
 + Level 2.9 Staves
 + Level 2.9 Slings
 + Level 2.9 Bows
 + Level 2.9 Crossbows
 + Level 3.9 Throwing
 + Level 3.9 Armour
 + Level 5.4 Dodging
 + Level 2.9 Stealth
 + Level 2.9 Shields
 + Level 2.9 Unarmed Combat
 + Level 5.8 Spellcasting
 + Level 2.3 Conjurations
 + Level 2.3 Hexes
 + Level 2.3 Charms
 + Level 2.3 Summonings
 + Level 2.3 Necromancy
 + Level 6.0 Translocations
 + Level 2.3 Transmutations
 + Level 2.3 Fire Magic
 + Level 2.3 Ice Magic
 + Level 2.3 Air Magic
 + Level 2.3 Earth Magic
 + Level 2.3 Poison Magic
 + Level 3.2 Invocations
 + Level 2.9 Evocations


You had 8 spell levels left.
You knew the following spells:

 Your Spells              Type           Power        Failure   Level  Hunger
a - Teleport Other        Tloc           ####....     3%          3    ##.....
b - Lesser Beckoning      Tloc           ####......   3%          3    ##.....
j - Blink                 Tloc           N/A          1%          2    None
p - Shroud of Golubria    Chrm/Tloc      ###...       3%          2    None

Your spell library contained the following spells:

 Spells                   Type           Power        Failure   Level  Hunger
 Gell's Gravitas          Tloc           ####......   3%          3    ##.....
 Passage of Golubria      Tloc           N/A          10%         4    ####...


Dungeon Overview and Level Annotations

Branches:
Dungeon (7/15)             Temple (0/1) D:5

Altars:
Cheibriados
Gozag
Okawaru

Shops:
D:4 *

Annotations:
D:3 1 runed translucent door, Crazy Yiuf


Innate Abilities, Weirdness & Mutations

Your experience applies equally to all skills.
You have very sharp teeth.
Your uncanny sense of smell can sniff out nearby items.


Message History

Your shroud falls apart!
You hit something. Something hits you. Something hits you! Something hits you.
You closely miss something. Something completely misses you.
Something hits you! Something barely misses you. Something hits you!
* * * LOW HITPOINT WARNING * * *
Casting: Shroud of Golubria (safe; 3% risk of failure)
Confirm with . or Enter, or press ? or * to list all spells.
Space distorts slightly along a thin shroud covering your body.
Something hits you!
* * * LOW HITPOINT WARNING * * *
Your shroud falls apart!
Something hits you!
* * * LOW HITPOINT WARNING * * *
Casting: Shroud of Golubria (safe; 3% risk of failure)
Confirm with . or Enter, or press ? or * to list all spells.
Space distorts slightly along a thin shroud covering your body.
Something barely misses you. Something hits you!
You die...

#### #..# #.# #..#
#.##########
#..#####...........
#......############
##.###.# #.##....#
#.# #.# #.......#
#.# #.# #.......#
#.# #.#######.....
#@# #.............
#.# #......#####.#
#.# #......##....#
#.# #.##.####.####
#.# #.##.# #.....
#.# #.##.# ######
..# #.##.# ###
#.##.# #.##.#


There were no monsters in sight!

Vanquished Creatures
  Purgy (D:5)
  A sky beast (D:5)
  2 bullfrogs (D:6)
  A centaur skeleton (D:4)
  3 hounds
  An orc priest (D:6)
  3 bullfrog skeletons
  Ijyb (D:3)
  2 iguanas
  4 worker ants
  A hound skeleton (D:6)
  3 gnolls (D:4)
  6 adders
  An ooze (D:4)
  An adder zombie (D:5)
  An adder skeleton (D:4)
  2 worms
  5 dart slugs
  3 leopard geckos
  9 orcs
  5 bats
  3 giant cockroaches
  9 goblins
  5 hobgoblins
  4 jackals (D:1)
  A quokka (D:6)
  A ball python (D:3)
  2 frilled lizards
  7 kobolds
  A leopard gecko skeleton (D:4)
  9 rats
98 creatures vanquished.

Notes
Turn   | Place    | Note
-------+----------+-------------------------------------------
     0 | D:1      | FishyPogo the Gnoll Warper began the quest for the Orb.
     0 | D:1      | Reached XP level 1. HP: 20/20 MP: 6/6
   190 | D:1      | Reached XP level 2. HP: 25/26 MP: 7/7
   722 | D:2      | Reached XP level 3. HP: 17/31 MP: 9/9
   726 | D:2      | Learned a level 2 spell: Blink
   730 | D:2      | Learned a level 3 spell: Teleport Other
   733 | D:2      | Learned a level 2 spell: Shroud of Golubria
   737 | D:2      | Learned a level 3 spell: Lesser Beckoning
   794 | D:2      | Reached skill level 5 in Spellcasting
   939 | D:2      | Reached skill level 1 in Invocations
  1211 | D:2      | Reached skill level 1 in Long Blades
  1211 | D:2      | Reached skill level 1 in Axes
  1211 | D:2      | Reached skill level 1 in Maces & Flails
  1211 | D:2      | Reached skill level 1 in Polearms
  1211 | D:2      | Reached skill level 1 in Staves
  1211 | D:2      | Reached skill level 1 in Slings
  1211 | D:2      | Reached skill level 1 in Bows
  1211 | D:2      | Reached skill level 1 in Crossbows
  1211 | D:2      | Reached skill level 1 in Stealth
  1211 | D:2      | Reached skill level 1 in Shields
  1211 | D:2      | Reached skill level 1 in Unarmed Combat
  1211 | D:2      | Reached skill level 1 in Evocations
  1211 | D:2      | Reached XP level 4. HP: 35/38 MP: 8/11
  1633 | D:3      | Noticed Ijyb
  1822 | D:3      | Noticed Purgy
  1877 | D:3      | Killed Ijyb
  1877 | D:3      | Reached skill level 1 in Conjurations
  1877 | D:3      | Reached skill level 1 in Hexes
  1877 | D:3      | Reached skill level 1 in Charms
  1877 | D:3      | Reached skill level 1 in Summonings
  1877 | D:3      | Reached skill level 1 in Necromancy
  1877 | D:3      | Reached skill level 1 in Transmutations
  1877 | D:3      | Reached skill level 1 in Fire Magic
  1877 | D:3      | Reached skill level 1 in Ice Magic
  1877 | D:3      | Reached skill level 1 in Air Magic
  1877 | D:3      | Reached skill level 1 in Earth Magic
  1877 | D:3      | Reached skill level 1 in Poison Magic
  1955 | D:3      | Found a runed translucent door.
  1960 | D:3      | Noticed Crazy Yiuf
  2030 | D:4      | Reached XP level 5. HP: 27/43 MP: 12/12
  2216 | D:4      | Found Vaemnet's General Store.
  2482 | D:3      | Reached XP level 6. HP: 37/50 MP: 10/13
  3441 | D:4      | Found an iron altar of Okawaru.
  3452 | D:4      | Became a worshipper of Warmaster Okawaru
  3593 | D:4      | Reached skill level 5 in Fighting
  3593 | D:4      | Reached skill level 5 in Short Blades
  3593 | D:4      | Reached skill level 5 in Dodging
  3743 | D:5      | Entered Level 5 of the Dungeon
  3766 | D:5      | Found an opulent altar of Gozag.
  3918 | D:5      | Found a staircase to the Ecumenical Temple.
  4017 | D:5      | Killed Purgy
  4017 | D:5      | Reached XP level 7. HP: 21/56 MP: 11/15
  4984 | D:6      | Reached * piety under Okawaru
  5236 | D:6      | Reached XP level 8. HP: 56/63 MP: 16/16
  5295 | D:6      | Reached skill level 6 in Translocations
  5419 | D:6      | Found a snail-covered altar of Cheibriados.
  5535 | D:6      | Got a colourful robe
  5546 | D:6      | Identified the cursed +0 robe of Anarchy {rN+} (You found
                  | it on level 6 of the Dungeon)
  5891 | D:7      | HP: 1/63 [something (9)]
  5892 | D:7      | Mangled by an unseen horror

Levels and vault maps discovered:
D:1:      zaba_arrival_water, layout_basic, st_stairs_13
D:2:      layout_basic
D:3:      layout_basic, first_ration, uniq_crazy_yiuf_cottage, uniq_ijyb,
          uniq_purgy
D:4:      layout_loops_corners, serial_shops, shop, okawaru_altar_gauntlet_db
D:5:      layout_cave_pods, minmay_temple_entry_tees, basic_altar
D:6:      layout_layer_cave, cheibrodos_worm_habitat
D:7:      layout_basic, fedhas_altar_2

Skill      XL: |  1  2  3  4  5  6  7  8 |
---------------+-------------------------+-----
Spellcasting   | 5 |  5.8
Invocations    | 1 2 3 |  3.2
Long Blades    | 1 2 |  2.9
Axes           | 1 2 |  2.9
Maces & Flails | 1 2 |  2.9
Polearms       | 1 2 |  2.9
Staves         | 1 2 |  2.9
Slings         | 1 2 |  2.9
Bows           | 1 2 |  2.9
Crossbows      | 1 2 |  2.9
Stealth        | 1 2 |  2.9
Shields        | 1 2 |  2.9
Unarmed Combat | 1 2 |  2.9
Evocations     | 1 2 |  2.9
Conjurations   | 1 2 |  2.3
Hexes          | 1 2 |  2.3
Charms         | 1 2 |  2.3
Summonings     | 1 2 |  2.3
Necromancy     | 1 2 |  2.3
Transmutations | 1 2 |  2.3
Fire Magic     | 1 2 |  2.3
Ice Magic      | 1 2 |  2.3
Air Magic      | 1 2 |  2.3
Earth Magic    | 1 2 |  2.3
Poison Magic   | 1 2 |  2.3
Throwing       | 3 |  3.9
Armour         | 3 |  3.9
Fighting       | 5 |  5.4
Short Blades   | 5 |  5.4
Dodging        | 5 |  5.4
Translocations | 6 |  6.0

Action                   |  1- 3 |  4- 6 |  7- 9 || total
-------------------------+-------+-------+-------++-------
Melee: Short sword       |   114 |    72 |       ||   186
       Bite              |     8 |    40 |    26 ||    74
       Mace              |       |   255 |   209 ||   464
       Punch             |       |     2 |     1 ||     3
Throw: Stone             |     3 |     2 |       ||     5
       Dart              |       |     6 |       ||     6
 Cast: Shroud of Golubri |     2 |    28 |    22 ||    52
       Teleport Other    |     1 |     1 |       ||     2
       Lesser Beckoning  |       |       |     1 ||     1
  Use: Scroll            |       |     9 |     1 ||    10
       Potion            |       |     1 |       ||     1
 Stab: Sleeping          |       |     1 |     1 ||     2
       Distracted        |       |     1 |       ||     1
  Eat: Chunk             |     1 |    14 |    11 ||    26
Armor: Leather armour    |    18 |       |       ||    18
       Ring mail         |     8 |   178 |       ||   186
       Troll leather arm |       |       |    71 ||    71
       Robe              |       |       |     4 ||     4
Dodge: Dodged            |    76 |   337 |   152 ||   565
Block: Other             |     2 |    13 |       ||    15
